 Dungeon Crawl Stone Soup version 0.28-a0-998-gb9e9c7b67e (webtiles) character file.

Game seed: 2468403228670386558

117 KyoPewz the Chiller (level 5, -3/38 HPs)
             Began as a Ghoul Ice Elementalist on Dec 6, 2021.
             Slain by a killer bee zombie (7 damage)
             ... on level 3 of the Dungeon.
             The game lasted 00:12:13 (3144 turns).

KyoPewz the Chiller (Ghoul Ice Elementalist)        Turns: 3144, Time: 00:12:14

Health: -3/38      AC:  3    Str: 12    XL:     5   Next: 1%
Magic:  2/7        EV: 12    Int: 12    God:
Gold:   156        SH:  0    Dex: 15    Spells: 1/8 levels left

rFire   . . .      SeeInvis .   d - +0 dagger {short}
rCold   + . .      Faith    .   (no shield)
rNeg    + + +      Spirit   .   a - +0 robe
rPois   ∞          Reflect  .   i - +0 helmet
rElec   .          Harm     .   (no cloak)
rCorr   .          Rampage  .   (no gloves)
Will    +....                   (no boots)
Stlth   ++........              (no amulet)
HPRegen 0.00/turn               l - +6 ring of dexterity
MPRegen 0.10/turn               g - ring of willpower

@: attractive, inhibited regen
A: claws 1, cold resistance 1, negative energy resistance 3, inhibited
regeneration, torment resistance 2
a: no special abilities


You were on level 3 of the Dungeon.
You visited 1 branch of the dungeon, and saw 3 of its levels.

You collected 156 gold pieces.


Innate Abilities, Weirdness & Mutations

You thrive by killing the living.
You are immune to poison.
You have sharp fingernails.
Your flesh is cold resistant. (rC+)
You are immune to negative energy. (rN+++)
You do not regenerate when monsters are visible.
You are immune to unholy pain and torment.


   Skills:
 - Level 1.7 Dodging
 - Level 2.1 Stealth
 - Level 2.0 Spellcasting
 + Level 6.6 Ice Magic


You had one spell level left.
You knew the following spells:

 Your Spells              Type           Power      Damage    Failure   Level
a - Freeze                Ice            68%        1d8       1%          1
b - Frozen Ramparts       Ice            34%        1d5       5%          3
c - Ozocubu's Armour      Ice            17%        N/A       5%          3

Your spell library contained the following spells:

 Spells                   Type           Power      Damage    Failure   Level
 Magic Dart               Conj           4%         1d3       26%         1
 Searing Ray              Conj           2%         2d4       38%         2
 Hailstorm                Conj/Ice       9%         3d4       56%         4
 Fulminant Prism          Conj/Hex       0%         3d6       95%         4

Inventory:

Hand Weapons
 d - a +0 dagger (weapon) {short}
   (You took it off a kobold on level 1 of the Dungeon)
 h - a +0 hunting sling {sling}
   (You took it off a goblin on level 2 of the Dungeon)
Missiles
 c - 155 stones {throwing}
 k - 22 arrows
 q - 21 poisoned darts {throwing}
Armour
 a - a +0 robe (worn)
 i - a +0 helmet (worn)
   (You took it off Robin on level 2 of the Dungeon)
 m - a +0 helmet
   (You found it on level 2 of the Dungeon)
 o - a +0 ring mail
   (You found it on level 2 of the Dungeon)
Magical Staves
 f - a staff of cold {!astaff}
   (You found it on level 1 of the Dungeon)
Jewellery
 g - a ring of willpower (right claw)
   (You found it on level 1 of the Dungeon)
 l - a +6 ring of dexterity (left claw)
   (You found it on level 1 of the Dungeon)
Scrolls
 e - a scroll of torment
 j - a scroll of identify {@r1}
 n - a scroll of fear {unknown}
 p - a scroll of holy word {unknown}
 s - a scroll of magic mapping {unknown}

Dungeon Overview and Level Annotations

Branches:
Dungeon (3/15)

Altars:

##### #########
..†.# #..@Z...#
###.#
#.#####.... #.##
#.# #
#.#.#########.#
..###..........#
.# #.###.####..#
.##.# #.# #.....
.##. #.# #.#.#.#
....# #.# #.#.#
#


You could see a killer bee zombie.


Message History

You freeze the killer bee zombie but do no damage.
The killer bee zombie completely resists.
The killer bee zombie hits you. x2 😮 HP[-6] MP[-1]
You take 6 damage, and now have 25/38 hp.
You lost 1 mp, and now have 4/7 mp.
You are too injured to fight recklessly!
Casting: Freeze (safe; 1% risk of failure)
Confirm with . or Enter, or press ? or * to list all spells.
Aiming: Freeze (safe; 1% risk of failure)
Press: ? - help, Shift-Dir - straight line, f/p - killer bee zombie
Aim: a killer bee zombie You feel a surge of power!
You freeze the killer bee zombie.
The killer bee zombie resists.
The killer bee zombie closely misses you.
The killer bee zombie hits you but does no damage. 😮 MP[-1]
You lost 1 mp, and now have 3/7 mp.
Casting: Freeze (safe; 1% risk of failure)
Confirm with . or Enter, or press ? or * to list all spells.
Aiming: Freeze (safe; 1% risk of failure)
Press: ? - help, Shift-Dir - straight line, f/p - killer bee zombie
Aim: a killer bee zombie (lightly damaged)
You feel a surge of power!
You freeze the killer bee zombie but do no damage.
The killer bee zombie completely resists.
The killer bee zombie hits you. x2
* * * LOW HITPOINT WARNING * * *
😨 HP[-7] MP[-1]
You take 7 damage, and now have 18/38 hp.
You lost 1 mp, and now have 2/7 mp.
Casting: Freeze (safe; 1% risk of failure)
Confirm with . or Enter, or press ? or * to list all spells.
You don't have enough magic to cast this spell.
Casting: Freeze (safe; 1% risk of failure)
Confirm with . or Enter, or press ? or * to list all spells.
Aiming: Freeze (safe; 1% risk of failure)
Press: ? - help, Shift-Dir - straight line, f/p - killer bee zombie
Aim: a killer bee zombie (lightly damaged)
You feel a surge of power!
You freeze the killer bee zombie.
The killer bee zombie resists.
The killer bee zombie barely misses you. 😨 MP[-1]
You lost 1 mp, and now have 1/7 mp.
Casting: Freeze (safe; 1% risk of failure)
Confirm with . or Enter, or press ? or * to list all spells.
Aiming: Freeze (safe; 1% risk of failure)
Press: ? - help, Shift-Dir - straight line, f/p - killer bee zombie
Aim: a killer bee zombie (lightly damaged)
Okay, then.
Press: ? - help, v - describe, . - travel
Here: a killer bee zombie (lightly damaged)
The floor.
You closely miss the killer bee zombie.
The killer bee zombie closely misses you.
The killer bee zombie misses you. The killer bee zombie hits you.
* * * LOW HITPOINT WARNING * * *
😨 HP[-1]
You take 1 damage, and now have 17/38 hp.
d - a +0 dagger (weapon)
{short} You closely miss the killer bee zombie.
The killer bee zombie hits you.
* * * LOW HITPOINT WARNING * * *
The killer bee zombie hits you!
* * * LOW HITPOINT WARNING * * *
😱 HP[-13]
You take 13 damage, and now have 4/38 hp.
MASSIVE DAMAGE!! (PAUSE) It was a potion of attraction.
You feel attractive to monsters.
The killer bee zombie closely misses you.
The killer bee zombie barely misses you. 😱 MP[+1] It was a potion of curing.
You feel better.
The killer bee zombie hits you but does no damage. x2 😨 HP[+9]
You regained 9 hp, and now have 13/38 hp.
As you read the scroll labelled CALYOV KIGUEM, it crumbles to dust.
It is a scroll of identify.
e - a scroll of torment The killer bee zombie closely misses you.
The killer bee zombie barely misses you.
You hit the killer bee zombie. The killer bee zombie hits you.
* * * LOW HITPOINT WARNING * * *
😱 HP[-5]
You take 5 damage, and now have 8/38 hp.
Press: ? - help, v - describe, . - travel The floor.
Unknown command.
You closely miss the killer bee zombie.
The killer bee zombie hits you but does no damage. x2
You barely miss the killer bee zombie. The killer bee zombie hits you.
* * * LOW HITPOINT WARNING * * *
The killer bee zombie hits you.
* * * LOW HITPOINT WARNING * * *
😱 HP[-4]
You take 4 damage, and now have 4/38 hp.
You closely miss the killer bee zombie.
The killer bee zombie barely misses you.
The killer bee zombie hits you!
You die...

Skill      XL: |  1  2  3  4 |
---------------+-------------+-----
Spellcasting   | 2 |  2.0
Ice Magic      | 5 6 |  6.6
Dodging        | |  1.7
Stealth        | |  2.1

Action                   |  1- 3 |  4- 6 || total
-------------------------+-------+-------++-------
Melee: Unarmed           |    14 |       ||    14
       Dagger            |     9 |     5 ||    14
       Staff             |    11 |    32 ||    43
 Cast: Freeze            |    42 |    41 ||    83
       Frozen Ramparts   |       |     1 ||     1
  Use: Potion            |       |     2 ||     2
       Scroll            |       |     1 ||     1
 Stab: Sleeping          |     1 |       ||     1
Armor: Robe              |    18 |    13 ||    31
Dodge: Dodged            |    49 |    35 ||    84

Levels and vault maps discovered:
D:1:      psy_arrival_wood_between_worlds, layout_loops_ring,
          hellmonk_ecumenical_altar_watching_god
D:2:      layout_loops_corners, minmay_misc_feat_rugged,
          minmay_randomly_rotated_circles, uniq_robin
D:3:      layout_loops_ring, portal_sewer_entry_b

Notes
Turn   | Place    | Note
-------+----------+-------------------------------------------
     0 | D:1      | KyoPewz the Ghoul Ice Elementalist began the quest for the
                  | Orb.
     0 | D:1      | Reached XP level 1. HP: 14/14 MP: 2/2
     0 | D:1      | magus.rc [v1.9.6]
   478 | D:1      | Noticed a great orb of eyes
   482 | D:1      | Reached skill level 2 in Spellcasting
   483 | D:1      | Found a faded altar of an unknown god.
   499 | D:1      | Reached XP level 2. HP: 20/20 MP: 0/4
   503 | D:1      | Noticed a floating eye
   556 | D:1      | Noticed a floating eye
   556 | D:1      | Noticed a floating eye
   785 | D:1      | Reached skill level 5 in Ice Magic
  1086 | D:1      | Reached XP level 3. HP: 25/26 MP: 1/5
  1598 | D:2      | Reached XP level 4. HP: 33/33 MP: 3/6
  1599 | D:2      | Noticed Robin
  1612 | D:2      | Reached skill level 6 in Ice Magic
  1619 | D:2      | Killed Robin
  1636 | D:2      | HP: 6/33 [goblin[Robin] (3)]
  1649 | D:2      | HP: 6/33 [hobgoblin[Robin] (3)]
  2232 | D:2      | Learned a level 3 spell: Frozen Ramparts
  2236 | D:2      | Learned a level 3 spell: Ozocubu's Armour
  3057 | D:3      | Reached XP level 5. HP: 38/38 MP: 5/7
  3070 | D:3      | You pick up a book of Conjurations {@e2} and begin
                  | reading...
  3070 | D:3      | You add the spells Magic Dart, Searing Ray and Fulminant
                  | Prism to your library.
  3137 | D:3      | HP: 4/38 [killer bee zombie (7)]
  3143 | D:3      | HP: 5/38 [killer bee zombie (3)]
  3144 | D:3      | Slain by a killer bee zombie

Vanquished Creatures
  Robin (D:2)
  3 adders (D:2)
  2 worms (D:2)
  2 dart slugs
  3 ball pythons
  6 endoplasms
  4 giant cockroaches
  12 goblins
  3 hobgoblins (D:2)
  6 jackals
  5 quokkas
  5 bats
  5 frilled lizards
  6 kobolds
  2 rats
65 creatures vanquished.

Vanquished Creatures (others)
  A plant (D:1)
1 creature vanquished.

Grand Total: 66 creatures vanquished

Table legend:
 A = Non-vault XP
 B = Vault XP
 C = Vault XP percentage of total XP
 D = Non-vault monster count
 E = Vault monster count
 F = Vault count percentage of total count
                 A         B        C        D         E       F
            +---------+---------+-------+---------+---------+-------
      Total |     123 |      45 |  26.8 |      49 |      16 |  24.6
            +---------+---------+-------+---------+---------+-------
        D:1 |      44 |       0 |   0.0 |      25 |       0 |   0.0
        D:2 |      75 |      45 |  37.5 |      21 |      16 |  43.2
        D:3 |       4 |       0 |   0.0 |       3 |       0 |   0.0
            +---------+---------+-------+---------+---------+-------

Illustrated notes

Table legend:
 A = Kills in this place as a percentage of kills in entire the game.
 B = Kills by you in this place as a percentage of kills by you in the entire game.
 C = Kills by friends in this place as a percentage of kills by friends in the entire game.
 D = Other kills in this place as a percentage of other kills in the entire game.
 E = Experience gained in this place as a percentage of experience gained in the entire game.
 F = Experience gained in this place divided by the number of levels of this place that you have seen.
                   A       B       C       D       E      F
               +-------+-------+-------+-------+-------+----------------------
         Total | 100.0 | 100.0 |   N/A |   N/A | 100.0 |  56.0
       Dungeon | 100.0 | 100.0 |   N/A |   N/A | 100.0 |  56.0
               +-------+-------+-------+-------+-------+----------------------

Table legend: (Time is in decaauts)
 A = Elapsed time spent in this place.
 B = Non-inter-level travel time spent in this place.
 C = Inter-level travel time spent in this place.
 D = Time resting spent in this place.
 E = Time spent auto-exploring this place.
 F = Levels seen in this place.
 G = Mean time per level.
                   A        B        C        D        E       F      G
               +--------+--------+--------+--------+--------+-----+--------+
         Total |   3149 |   3111 |     38 |    597 |   1733 |   3 | 1049.7 |
       Dungeon |   3149 |   3111 |     38 |    597 |   1733 |   3 | 1049.7 |
               +--------+--------+--------+--------+--------+-----+--------+

Top non-repeatable levels by time:
     D:2: 1590 daAuts
     D:1: 1436 daAuts
     D:3: 122 daAuts
